 Dungeon Crawl Stone Soup version 0.13.0-17-g5f0e85f (webtiles) character file.

268 Lilouch the Covered (level 5, -5/33 HPs)
             Began as a Gargoyle Fighter on Oct 21, 2013.
             Was an Initiate of Okawaru.
             Killed from afar by an orc wizard (10 damage)
             ... with a magic dart
             ... on Level 3 of the Dungeon.
             The game lasted 00:05:55 (2085 turns).

Lilouch the Covered (Gargoyle Fighter)              Turns: 2085, Time: 00:05:55

HP  -5/33        AC 11     Str 21      XL: 5   Next: 75%
MP   4/4         EV  7     Int  8      God: Okawaru [......]
Gold 72          SH 19     Dex  9      Spells:  0 memorised,  4 levels left

Res.Fire  : . . .   See Invis. : .   a - +0 mace
Res.Cold  : . . .   Warding    : .   b - +0 scale mail
Life Prot.: + . .   Conserve   : .   c - +0 shield
Res.Poison: +       Res.Corr.  : .   (no helmet)
Res.Elec. : +       Clarity    : .   (no cloak)
Sust.Abil.: . .     Spirit.Shd : .   (no gloves)
Res.Mut.  : .       Stasis     : .   (no boots)
Res.Rott. : +       Flight     : .   (no amulet)
Saprovore : . . .                    (no ring)
                                     (no ring)

@: slightly resistant to hostile enchantments, extremely unstealthy
A: fangs 1, talons 2, life protection 1, electricity resistance, slow metabolism
1, unbreathing, petrification resistance, AC +4
a: Renounce Religion


You were on level 3 of the Dungeon.
You worshipped Okawaru.
Okawaru was noncommittal.
You were not hungry.

You visited 1 branch of the dungeon, and saw 5 of its levels.

You collected 52 gold pieces.

Inventory:

Hand weapons
 a - a +0,+0 mace (weapon)
Missiles
 p - 16 poisoned needles
Armour
 b - a +0 scale mail (worn)
 c - a +0 shield (worn)
 m - a +2 plate armour
Magical devices
 o - a wand of paralysis (11) {unknown}
Comestibles
 d - 2 bread rations
 f - a meat ration
Scrolls
 g - 6 scrolls of identify {unknown}
 i - 2 scrolls of fear {unknown}
 l - 2 scrolls of remove curse {unknown}
 q - a scroll of teleportation {unknown}
Jewellery
 e - an uncursed ring of sustenance {unknown}
Potions
 h - a potion of speed {unknown}
 j - 2 potions of agility {unknown}
 k - a potion of curing {unknown}
 r - a potion of heal wounds {unknown}


   Skills:
 - Level 3.2 Fighting
 * Level 4.6 Maces & Flails
 + Level 4.6 Armour
 + Level 4.2 Shields


You had 4 spell levels left.
You didn't know any spells.

Dungeon Overview and Level Annotations

Branches:
Dungeon (5/27)
 Temple: D:4-7

Altars:
Elyvilon
Makhleb
Okawaru

Annotations:
D:4 Pikel


Innate Abilities, Weirdness & Mutations

You are resistant to torment.
You are immune to poison.
Your stone body is very resilient (AC +4).
You have very sharp teeth.
You have razor-sharp toenails.
You resist negative energy.
You are resistant to electric shocks.
You have a slow metabolism.
You can survive without breathing.
You are immune to petrification.


Message History

You see here an orcish trident.
There is a stone staircase leading down here.
You climb downwards.
A worker ant and a giant mite come into view.
The worker ant twitches its antennae in your direction.
There is a stone staircase leading up here.
You climb upwards.
Level annotation: Pikel
There is a stone staircase leading down here.
There is a stone staircase leading up, spattered with blood here.
You see here an orcish club.
You hear some strange, mumbled words.
The magic dart hits you!
* * * LOW HITPOINT WARNING * * *
You climb upwards.
There is a stone staircase leading down here.
You start resting.
You hear some strange, mumbled words.
The magic dart hits you!
You die...

####'#####.## #...##
##.#...#.##..# #...#
#_.'.⌠.'._##.# #...#
#######.#...#.##..##########...#
......####'####................##
.......##...##...................
##########_####..................
### #...>..[...........
#.@....>.|.........
#.......[..........
###############..............(...
.................................
......)..........################
.................# #
.................# #
.................# #
.................# #


There were no monsters in sight!

Vanquished Creatures
  2 slaves (D:3)
  An ogre (D:4)
  A worker ant (D:4)
  3 adders
  6 giant geckos
  2 oozes
  3 orcs
  4 goblins
  4 hobgoblins
  2 kobolds (D:2)
  A quokka (D:2)
  2 ball pythons
  5 bats
  6 giant cockroaches
  3 giant newts
  10 jackals
  8 rats
63 creatures vanquished.

Notes
Turn   | Place    | Note
--------------------------------------------------------------
     0 | D:1      | Lilouch, the Gargoyle Fighter, began the quest for the Orb.
     0 | D:1      | Reached XP level 1. HP: 14/14 MP: 0/0
    16 | D:1      | Noticed a giant frog
    69 | D:1      | Reached XP level 2. HP: 14/19 MP: 1/1
   406 | D:2      | Reached XP level 3. HP: 22/24 MP: 2/2
   561 | D:2      | Reached skill level 4 in Armour
   654 | D:2      | Reached XP level 4. HP: 26/28 MP: 3/3
  1193 | D:3      | Found a white marble altar of Elyvilon.
  1196 | D:3      | Found a burning altar of Makhleb.
  1198 | D:3      | Found an iron altar of Okawaru.
  1202 | D:3      | Became a worshipper of Warmaster Okawaru
  1630 | D:4      | Noticed a slave
  1631 | D:4      | Noticed a slave
  1635 | D:4      | Noticed Pikel
  1637 | D:4      | Noticed a slave
  1647 | D:3      | Killed a slave
  1654 | D:3      | Killed a slave
  1853 | D:4      | Reached XP level 5. HP: 9/33 MP: 4/4
  2059 | D:4      | Noticed an ogre
  2066 | D:4      | Killed an ogre
  2073 | D:5      | Entered Level 5 of the Dungeon
  2085 | D:3      | Killed from afar by an orc wizard

Action                   |  1- 3 |  4- 6 || total
-------------------------+-------+-------++-------
Melee: Mace              |    98 |    92 ||   190
